 Dungeon Crawl Stone Soup version 0.31-a0-188-g5e087ee2ca (webtiles) character file.

Game seed: 2403076150920361547

273 funkygono the Firebug (level 6, -3/32 HPs)
             Began as a Gargoyle Fire Elementalist on June 23, 2023.
             Slain by a gnoll
             ... wielding a +0 spear
             ... led by a gnoll bouda
              (4 damage)
             ... on level 4 of the Dungeon.
             The game lasted 00:05:19 (3777 turns).

funkygono the Firebug (Gargoyle Fire Elementalist)  Turns: 3777, Time: 00:05:20

Health: -3/32      AC:  8    Str: 11    XL:     6   Next: 24%
Magic:  1/11       EV: 11    Int: 18    God:
Gold:   203        SH:  0    Dex: 10    Spells: 6/12 levels left

rFire   + . .        p - +0 whip
rCold   x . .        (no shield)
rNeg    + + .        r - +0 leather armour
rPois   ∞            (no helmet)
rElec   +            l - scarf {repulsion}
rCorr   .            s - +0 pair of gloves
SInv    .            (no boots)
Will    .....        (no amulet)
Stlth   ++           j - ring of positive energy
HPRegen 0.25/turn    o - ring of fire
MPRegen 0.12/turn

%: repel missiles
@: no status effects
A: sickness immunity, AC +4, negative energy resistance 1, electricity
resistance, torment resistance 1, petrification resistance
a: no special abilities


You were on level 4 of the Dungeon.
You visited 1 branch of the dungeon, and saw 4 of its levels.

You collected 203 gold pieces.

Inventory:

Hand Weapons
 p - a +0 whip (weapon)
Armour
 a - a +0 robe
 l - a scarf of repulsion (worn)
 r - a +0 leather armour (worn)
 s - a +0 pair of gloves (worn)
Jewellery
 h - a ring of protection from cold
 j - a ring of positive energy (left hand)
 k - a ring of resist corrosion
 o - a ring of fire (right hand)
Scrolls
 c - 3 scrolls of revelation {unknown}
 d - 3 scrolls of poison {unknown}
 e - a scroll of blinking {unknown}
 f - 6 scrolls of identify {unknown}
 g - 2 scrolls of teleportation {unknown}
 n - a scroll of noise {unknown}
 q - a scroll of fear {unknown}
Potions
 b - a potion of magic
 i - 2 potions of heal wounds {unknown}
 m - a potion of curing {unknown}


   Skills:
 + Level 0.1 Fighting
 + Level 1.3 Maces & Flails
 + Level 2.3 Dodging
 - Level 2.1 Stealth
 + Level 3.8 Spellcasting
 + Level 2.8 Conjurations
 + Level 4.2 Fire Magic


You had 6 spell levels left.
You knew the following spells:

 Your Spells              Type           Power      Damage    Failure   Level
a - Foxfire               Conj/Fire      96%        2x1d8     4%          1
b - Scorch                Fire           56%        2d7       4%          2
c - Volatile Blastmotes   Fire/Tloc      32%        2d12      24%         3

Your spell library contained the following spells:

 Spells                   Type           Power      Damage    Failure   Level
 Apportation              Tloc           6%         N/A       21%         1
 Necrotise                Necr           12%        1d4       21%         1
 Summon Small Mammal      Summ           12%        N/A       21%         1
 Inner Flame              Hex/Fire       16%        N/A       24%         3
 Flame Wave               Conj/Fire      24%        2d8       41%         4
 Vampiric Draining        Necr           3%         2d6       52%         3
 Agony                    Necr           3%         N/A       99%         5


Dungeon Overview and Level Annotations

Branches:
Dungeon (4/15)
 Temple: D:4-7

Altars:
Ru

Shops:
D:3 *


Innate Abilities, Weirdness & Mutations

You are immune to sickness and miasma.
Your stone body is resilient. (AC +4)
You are immune to poison.
You resist negative energy. (rN+)
You are resistant to electric shocks. (rElec)
You are resistant to unholy torment.
You are immune to petrification.


Message History

The foxfire hits the gnoll bouda.
The gnoll bouda is burned terribly!
The gnoll bouda is moderately wounded.
The gnoll hits you from afar with a +0 spear!
The gnoll bouda hits you but does no damage.
Casting: Scorch (safe; 4% risk of failure)
Confirm with . or Enter, or press ? or * to list all spells.
You don't have enough magic to cast this spell.
Casting: Scorch (safe; 4% risk of failure)
Confirm with . or Enter, or press ? or * to list all spells.
You don't have enough magic to cast this spell.
You closely miss the gnoll bouda.
The gnoll bouda is moderately wounded.
The gnoll closely misses you. The gnoll hits you but does no damage.
The gnoll bouda misses you.
The gnoll hits you from afar with a +0 spear.
Unknown command.
You hit the gnoll bouda but do no damage.
The gnoll bouda is moderately wounded.
The gnoll bouda is no longer more vulnerable to fire.
The gnoll hits you from afar with a +0 spear.
The gnoll closely misses you. The gnoll barely misses you.
The gnoll bouda barely misses you. The gnoll barely misses you.
Things that are here:
a +0 whip; a +0 leather armour; an orc corpse You barely miss the gnoll.
The gnoll hits you but does no damage.
The gnoll bouda hits you with a +0 whip!
* * * LOW HITPOINT WARNING * * *
The gnoll hits you with a +0 spear.
* * * LOW HITPOINT WARNING * * *
The gnoll closely misses you.
Unknown command.
The gnoll attacks as you move away! The gnoll hits you with a +0 spear.
* * * LOW HITPOINT WARNING * * *
The gnoll bouda attacks as you move away!
The gnoll bouda hits you but does no damage.
The gnoll misses you. The gnoll hits you but does no damage.
The gnoll barely misses you. x2
The gnoll attacks as you move away! The gnoll hits you with a +0 spear.
You die...

.........# #......#
#.#.#....... .......###
#......# #.#.#.......
......##
##.....###)#.#.......
......#
#.......#.#.#.......
......+
#.....#.........#...
#####.#
#.....'..)..........
#.# ##....)####÷.<...#
#.# #....ggg....#....#
#.# #####@......#....#
#.### #...)...#....#
#####.#.#####
#.......#....#
...........(#
#.........#..#
........###.#
#......####...
........#... #......#
..#.
........#.######......#
#####.#...............#
#.#....####.......#


You could see a gnoll bouda and 2 gnolls.

Vanquished Creatures
  A gnoll bouda (D:3)
  2 orc wizards (D:4)
  6 adders
  6 gnolls
  2 worms (D:2)
  2 dart slugs (D:2)
  3 orcs
  8 ball pythons
  10 bats
  5 endoplasms
  2 giant cockroaches (D:1)
  5 goblins
  5 hobgoblins
  2 jackals (D:1)
  2 quokkas
  A frilled lizard (D:1)
  7 kobolds
  8 rats
77 creatures vanquished.

Vanquished Creatures (others)
  185 foxfires
185 creatures vanquished.

Grand Total: 262 creatures vanquished

Notes
Turn   | Place    | Note
-------+----------+-------------------------------------------
     0 | D:1      | funkygono the Gargoyle Fire Elementalist began the quest
                  | for the Orb.
     0 | D:1      | Reached XP level 1. HP: 10/10 MP: 3/3
   154 | D:1      | Reached XP level 2. HP: 15/15 MP: 1/5
   395 | D:1      | Learned a level 2 spell: Scorch
   590 | D:1      | Reached XP level 3. HP: 19/19 MP: 3/6
  1306 | D:2      | Learned a level 3 spell: Volatile Blastmotes
  1645 | D:2      | Reached XP level 4. HP: 23/24 MP: 2/8
  2155 | D:3      | Found Hiriq's Assorted Antiques.
  2205 | D:3      | Found a sacrificial altar of Ru.
  2669 | D:3      | Reached skill level 4 in Fire Magic
  2669 | D:3      | Reached XP level 5. HP: 11/28 MP: 0/9
  2842 | D:2      | Reached skill level 1 in Maces & Flails
  3573 | D:4      | Reached XP level 6. HP: 27/32 MP: 3/11
  3775 | D:4      | HP: 1/32 [gnoll/+0 spear[a gnoll bouda] (1)]
  3777 | D:4      | Slain by a gnoll

Illustrated notes

Levels and vault maps discovered:
D:1:      mrwooster_arrival_arrow, layout_loops_ring
D:2:      layout_basic
D:3:      layout_loops_corners, mainiacjoe_overflow_alcove_4, serial_shops,
          nicolae_shop_real_fake_doors, minivault_26
D:4:      layout_basic, minmay_temple_entry_enclosed_plants,
          gup_ossuary_entry_pyramid, nicolae_grassy_gnolls, uniq_sigmund

Skill      XL: |  1  2  3  4  5 |
---------------+----------------+-----
Dodging        | 2 |  2.3
Conjurations   | 2 |  2.8
Spellcasting   | 3 |  3.8
Fire Magic     | 4 |  4.2
Maces & Flails | 1 |  1.3
Fighting       | |  0.1
Stealth        | |  2.1

Action                     |  1- 3 |  4- 6 || total
---------------------------+-------+-------++-------
  Melee: Unarmed           |     3 |       ||     3
         Club              |    15 |     4 ||    19
         Punch             |     1 |       ||     1
         Whip              |       |    13 ||    13
   Cast: Foxfire           |    62 |    48 ||   110
         Scorch            |     7 |    19 ||    26
 Armour: Robe              |    23 |    10 ||    33
         Leather armour    |       |     6 ||     6
  Dodge: Dodged            |    42 |    31 ||    73

Table legend: (Time is in decaauts)
 A = Elapsed time spent in this place.
 B = Non-inter-level travel time spent in this place.
 C = Inter-level travel time spent in this place.
 D = Time resting spent in this place.
 E = Time spent auto-exploring this place.
 F = Levels seen in this place.
 G = Mean time per level.
                   A        B        C        D        E       F      G
               +--------+--------+--------+--------+--------+-----+--------+
         Total |   3783 |   3510 |    273 |     88 |   2759 |   4 |  945.8 |
       Dungeon |   3783 |   3510 |    273 |     88 |   2759 |   4 |  945.8 |
               +--------+--------+--------+--------+--------+-----+--------+

Top non-repeatable levels by time:
     D:3: 1223 daAuts
     D:1: 1209 daAuts
     D:2: 1123 daAuts
     D:4: 228 daAuts
